 Dungeon Crawl Stone Soup version 0.27-a0-416-gca2cecf3c0 (webtiles) character file.

Game seed: 11082549771319130132

630 ReteAZ the Skirmisher (level 7, -4/74 HPs)
             Began as an Ogre Artificer on Feb 25, 2021.
             Slain by an ice beast (11 damage)
             ... on level 5 of the Dungeon.
             The game lasted 00:08:25 (7469 turns).

ReteAZ the Skirmisher (Ogre Artificer)              Turns: 7469, Time: 00:08:26

Health: -4/74      AC:  3    Str: 18    XL:     7   Next: 48%
Magic:  0/7        EV: 10    Int: 13    God:
Gold:   271        SH:  0    Dex:  9    Spells: 6/6 levels left

rFire    . . .     SeeInvis .   j - +0 mace (venom)
rCold    . . .     Faith    .   (no shield)
rNeg     . . .     Spirit   +   b - +0 robe
rPois    .         Reflect  .   (helmet restricted)
rElec    .         Harm     .   (no cloak)
rCorr    .         Rampage  .   (gloves unavailable)
Will     .....                  (boots unavailable)
Stlth    +.........             n - amulet of guardian spirit
HPRegen  0.22/turn              (no ring)
MPRegen  0.10/turn              (no ring)

@: flying
A: large, unfitting armour, tough skin 1
a: no special abilities


You were on level 5 of the Dungeon.
You visited 1 branch of the dungeon, and saw 5 of its levels.

You collected 271 gold pieces.

Inventory:

Hand Weapons
 a - a +0 club
 i - a +0 dagger
 j - a +0 mace of venom (weapon)
Missiles
 u - 3 poisoned darts
Armour
 b - a +0 robe (worn)
Jewellery
 n - an amulet of guardian spirit (around neck)
Wands
 c - a wand of flame (4) (quivered)
 d - a wand of charming (15)
 e - a wand of random effects (15)
 z - a wand of acid (7)
Scrolls
 f - 2 scrolls of magic mapping {unknown}
 g - a scroll of fear {unknown}
 k - a scroll of noise {unknown}
 l - 5 scrolls of identify {unknown}
 r - a scroll of fog {unknown}
 t - a scroll of blinking {unknown}
 v - a scroll of enchant armour {unknown}
 y - a scroll of teleportation {unknown}
Potions
 h - 2 potions of heal wounds {unknown}
 m - a potion of magic {unknown}
 o - 2 potions of flight
 p - a potion of cancellation {unknown}
 q - a potion of lignification {unknown}
 s - a potion of might {unknown}
 w - a potion of berserk rage {unknown}
 x - 3 potions of curing {unknown}
 A - a potion of haste {unknown}


   Skills:
 + Level 5.9 Fighting
 + Level 5.7 Maces & Flails
 - Level 2.1 Dodging
 - Level 0.6 Stealth
 - Level 2.4 Evocations


You had 6 spell levels left.
You didn't know any spells.
Your spell library was empty.

Dungeon Overview and Level Annotations

Branches:
Dungeon (5/15)
 Temple: D:4-7

Altars:
Gozag


Innate Abilities, Weirdness & Mutations

You are too large for most types of armour.
You have tough skin. (AC +1)


Message History

You hit the ice beast.
The ice beast is lightly wounded.
The ice beast hits you. The ice beast freezes you! The ice beast hits you.
The ice beast freezes you.
You closely miss the ice beast.
The ice beast is lightly wounded.
The ice beast hits you but does no damage.
You hit the ice beast.
The ice beast is moderately wounded.
The ice beast hits you. The ice beast freezes you!
You are too injured to fight recklessly!
You are too injured to fight recklessly!
Aiming: Throw Flame
Press: ? - help, Shift-Dir - straight line, f - ice beast
Aim: an ice beast (lightly wounded, 29% to evade)
The puff of flame hits the ice beast.
The ice beast melts!
The ice beast is moderately wounded.
The ice beast hits you. The ice beast freezes you!
* * * LOW HITPOINT WARNING * * *
Aiming: Throw Flame
Press: ? - help, Shift-Dir - straight line, f/p - ice beast
Aim: an ice beast (moderately wounded, 29% to evade)
The puff of flame hits the ice beast.
The ice beast melts!
The ice beast is heavily wounded.
The ice beast hits you.
* * * LOW HITPOINT WARNING * * *
The ice beast freezes you!
* * * LOW HITPOINT WARNING * * *
Aiming: Throw Flame
Press: ? - help, Shift-Dir - straight line, f/p - ice beast
Aim: an ice beast (heavily wounded, 29% to evade)
The puff of flame hits the ice beast but does no damage.
The ice beast is heavily wounded.
The ice beast hits you but does no damage.
It was a potion of flight.
You feel very buoyant.
You fly up into the air.
The ice beast hits you.
* * * LOW HITPOINT WARNING * * *
The ice beast freezes you!
You die...

##..#####......#..........##
##..# #.#.#....#######..#
....# #.#....#.# #..# ##..#
# #.#.#.##.########.#
###.... ..#.#............<#
.....########.##.##########
##..... ..............# #
##############.#####.# #
#......#@# # #.#....#Y#
#########.####.#.#
..........#......#
......#####.##.#.#
.......#### #..###
.....................
.......####.#.#######
.......# #....


You could see an ice beast.

Vanquished Creatures
  An ogre (D:4)
  3 hounds
  2 orc priests (D:3)
  Jessica (D:3)
  An iguana (D:4)
  An orc wizard (D:3)
  A worker ant (D:5)
  6 gnolls (D:3)
  6 adders
  A shadow imp (D:5)
  A white imp (D:5)
  An ooze (D:3)
  An adder skeleton (D:4)
  3 worms
  A dart slug (D:3)
  4 leopard geckos
  5 orcs
  A giant cockroach (D:1)
  41 goblins
  32 hobgoblins
  13 kobolds
  2 quokkas
  A ball python (D:3)
  A ball python zombie (D:5)
  4 bats
  6 frilled lizards
  4 rats
144 creatures vanquished.

Notes
Turn   | Place    | Note
-------+----------+-------------------------------------------
     0 | D:1      | ReteAZ the Ogre Artificer began the quest for the Orb.
     0 | D:1      | Reached XP level 1. HP: 19/19 MP: 1/1
   411 | D:1      | Reached skill level 1 in Maces & Flails
   425 | D:1      | Reached XP level 2. HP: 19/27 MP: 2/2
  1495 | D:2      | Reached XP level 3. HP: 27/33 MP: 3/3
  2318 | D:2      | Found an opulent altar of Gozag.
  2586 | D:3      | Reached XP level 4. HP: 11/41 MP: 2/4
  3017 | D:3      | Reached XP level 5. HP: 35/48 MP: 3/5
  3353 | D:3      | Found a faded altar of an unknown god.
  4006 | D:3      | Noticed Jessica
  4011 | D:3      | Killed Jessica
  4165 | D:3      | Reached XP level 6. HP: 46/61 MP: 4/6
  5617 | D:3      | Reached skill level 5 in Maces & Flails
  6442 | D:4      | Found an opulent altar of Gozag.
  6491 | D:4      | Reached skill level 5 in Fighting
  6491 | D:4      | Reached XP level 7. HP: 72/72 MP: 7/7
  6997 | D:5      | Entered Level 5 of the Dungeon
  7469 | D:5      | Slain by an ice beast

Illustrated notes

Levels and vault maps discovered:
D:1:      scummos_arrival_simple_crosswalls, layout_loops_cross
D:2:      layout_basic, general_overflow_altar
D:3:      minmay_goblin_kobold_castle, layout_loops_ring,
          chequers_ecumenical_altar_simple, uniq_jessica
D:4:      layout_cave_pods, nicolae_gozag_seed_capital
D:5:      layout_basic, lemuel_blue_sif_altar

Skill      XL: |  1  2  3  4  5  6 |
---------------+-------------------+-----
Maces & Flails | 1 2 3 4 5 |  5.7
Fighting       | 3 5 |  5.9
Dodging        | |  2.1
Stealth        | |  0.6
Evocations     | |  2.4

Action                   |  1- 3 |  4- 6 |  7- 9 || total
-------------------------+-------+-------+-------++-------
Melee: Dagger            |    19 |       |       ||    19
       Club              |     4 |       |       ||     4
       Mace              |    90 |   299 |    60 ||   449
Evoke: Wand              |     1 |     7 |     3 ||    11
  Use: Potion            |       |       |     1 ||     1
 Stab: Distracted        |     1 |       |       ||     1
Armor: Robe              |    34 |    87 |     6 ||   127
Dodge: Dodged            |    65 |   170 |    29 ||   264

Table legend: (Time is in decaauts)
 A = Elapsed time spent in this place.
 B = Non-inter-level travel time spent in this place.
 C = Inter-level travel time spent in this place.
 D = Time resting spent in this place.
 E = Time spent auto-exploring this place.
 F = Levels seen in this place.
 G = Mean time per level.
                   A        B        C        D        E       F      G
               +--------+--------+--------+--------+--------+-----+--------+
         Total |   7560 |   7375 |    185 |   1650 |   4504 |   5 | 1512.0 |
       Dungeon |   7560 |   7375 |    185 |   1650 |   4504 |   5 | 1512.0 |
               +--------+--------+--------+--------+--------+-----+--------+

Top non-repeatable levels by time:
     D:3: 2799 daAuts
     D:2: 1798 daAuts
     D:1: 1494 daAuts
     D:4: 991 daAuts
     D:5: 477 daAuts
